 Dungeon Crawl Stone Soup version 0.28-a0-381-g937acc2988 (webtiles) character file.

Game seed: 16194940871933619259

1953 lunkers the Grappler (level 8, -4/77 HPs)
             Began as a Minotaur Cinder Acolyte on Sept 1, 2021.
             Was a High Priest of Ignis.
             Slain by a cyan ugly thing (13 damage)
             ... on level 7 of the Dungeon.
             The game lasted 00:08:35 (6681 turns).

lunkers the Grappler (Minotaur Cinder Acolyte)      Turns: 6681, Time: 00:08:35

Health: -4/77      AC: 10    Str: 21    XL:     8   Next: 99%
Magic:  8/8        EV:  7    Int: 10    God:    Ignis [*****.]
Gold:   412        SH:  0    Dex:  7    Spells: 8/9 levels left

rFire   + + .      SeeInvis .     - Unarmed
rCold   + . .      Faith    .   (no shield)
rNeg    . . .      Spirit   .   f - +0 chain mail
rPois   .          Reflect  .   (helmet restricted)
rElec   .          Harm     .   q - +1 cloak
rCorr   .          Rampage  .   (no gloves)
Will    .....                   (no boots)
Stlth   ..........              (no amulet)
HPRegen 0.22/turn               A - ring of protection from fire
MPRegen 0.11/turn               r - ring of protection from cold

@: no status effects
A: horns 2, retaliatory headbutt
a: Renounce Religion, Sea of Fire, Foxfire Swarm, Rising Flame


You were on level 7 of the Dungeon.
You worshipped Ignis.
Ignis was extremely pleased with you.
You visited 1 branch of the dungeon, and saw 7 of its levels.
You also visited: Sewer.

You collected 412 gold pieces.

Inventory:

Armour
 a - a +0 robe
 f - a +0 chain mail (worn)
 q - a +1 cloak (worn)
Jewellery
 m - a ring of magical power
 r - a ring of protection from cold (right hand)
 A - a ring of protection from fire (left hand)
Wands
 i - a wand of flame (14)
 C - a wand of digging (8)
Scrolls
 d - a scroll of immolation
 e - a scroll of brand weapon {unknown}
 g - a scroll of amnesia
 h - 3 scrolls of identify
 j - a scroll of noise {unknown}
 k - a scroll of enchant armour
 n - a scroll of acquirement {unknown}
 s - a scroll of enchant weapon {unknown}
 u - a scroll of blinking {unknown}
 y - a scroll of silence {unknown}
 z - a scroll of fog {unknown}
 B - a scroll of magic mapping {unknown}
Potions
 b - 5 potions of curing
 l - 2 potions of flight
 o - 3 potions of lignification {unknown}
 p - a potion of magic {unknown}
 t - a potion of haste {unknown}
 v - a potion of cancellation {unknown}
 w - a potion of ambrosia {unknown}
 x - 2 potions of attraction {unknown}
 D - a potion of heal wounds {unknown}


   Skills:
 + Level 8.9 Fighting
 * Level 10.9 Unarmed Combat
 - Level 1.0 Spellcasting
 - Level 0.6 Fire Magic


You had 8 spell levels left.
You knew the following spells:

 Your Spells              Type           Power      Damage    Failure   Level
p - Foxfire               Conj/Fire      4%         2x1d4     98%         1

Your spell library contained the following spells:

 Spells                   Type           Power      Damage    Failure   Level
 Static Discharge         Conj/Air       0%         N/A       99%         2
 Dispel Undead            Necr           0%         3d6       100%        4
 Passage of Golubria      Tloc           N/A        N/A       100%        4
 Sticky Flame             Conj/Fire      1%         2d3       100%        4
 Silence                  Hex/Air        0%         N/A       100%        5
 Lehudib's Crystal Spear  Conj/Erth      0%         10d2      100%        8


Dungeon Overview and Level Annotations

Branches:
Dungeon (7/15)             Temple (0/1) D:6           Sewer (visited)

Altars:
Fedhas
Gozag
Hepliaklqana
Nemelex Xobeh
Sif Muna
Vehumet
Wu Jian

Shops:
D:5 [(?


Innate Abilities, Weirdness & Mutations

You have a pair of horns on your head.
You reflexively headbutt those who attack you in melee.


Message History

Okay, then.
As you read the scroll labelled IDOEFE BUMPUSE, it crumbles to dust.
It is a scroll of identify.
l - 2 potions of flight The cyan ugly thing barely misses you.
As you read the scroll labelled CYMEUH CUXZA, it crumbles to dust.
It is a scroll of enchant armour.
Your +0 cloak glows green for a moment.
The cyan ugly thing claws you!
* * * LOW HITPOINT WARNING * * *
The cyan ugly thing shocks you!
* * * LOW HITPOINT WARNING * * *
As you read the scroll labelled EKOTAGA KAYF, it crumbles to dust.
The creatures around you are filled with an inner flame!
It was a scroll of immolation.
The cyan ugly thing claws you but does no damage.
As you read the scroll labelled XUBLE HISU, it crumbles to dust.
It is a scroll of amnesia.
Really abort (and waste the scroll)?
Okay, then.
The cyan ugly thing misses you.
Okay, then.
The centaur wields a +0 shortbow.
The centaur shoots an arrow.
The arrow hits you.
* * * LOW HITPOINT WARNING * * *
The centaur shoots an arrow.
The arrow hits you.
* * * LOW HITPOINT WARNING * * *
The cyan ugly thing misses you.
As you read the scroll labelled QYCUBITRISK, it crumbles to dust.
Wisps of shadow whirl around you...
It was a scroll of summoning.
The centaur shoots an arrow.
The arrow barely misses your orc. The arrow hits your orc!
Your orc dies!
Your orc's corpse dissolves into shadows!
The centaur shoots an arrow.
The arrow closely misses your orc.
The arrow barely misses the phantom.
The arrow hits you.
* * * LOW HITPOINT WARNING * * *
The cyan ugly thing claws you.
* * * LOW HITPOINT WARNING * * *
The cyan ugly thing shocks you!
You die...

### #.##############
######............... .##
#.........###########
....####.o..o....#######.
.........o...n..†........
..........u@.....#######.
..#.####..Wo.....# #..
#.#....o.......# #..
#.#.#c########## #...
#.#.#.#
#....#.#.#.#######
#....#.#>#........
#................. ..
#......#..###.###. .


You could see a cyan ugly thing (inner flame, ally target), a phantom (inner
flame), a centaur, a friendly necrophage (summoned), a friendly orc priest
(summoned) and 4 friendly orcs.

Vanquished Creatures
  2 water moccasins
  Purgy (Sewer)
  A sky beast (D:5)
  An ice beast (D:6)
  An ogre (D:5)
  2 necrophages
  2 centaurs
  A bullfrog (D:7)
  2 water moccasin skeletons
  3 bullfrog zombies
  3 centaur zombies
  4 hounds
  3 jellies
  4 iguanas
  5 scorpion zombies (D:4)
  An orc wizard (D:5)
  2 hound zombies (D:4)
  Robin (D:2)
  4 adders
  A white imp (D:5)
  5 adder zombies (D:4)
  4 worms
  3 dart slugs
  4 orcs
  8 endoplasms
  7 giant cockroaches
  5 hobgoblins
  13 jackals
  15 kobolds
  5 quokkas
  7 ball pythons
  3 bats
  8 frilled lizards
  11 goblins
  A quokka zombie (D:4)
  10 rats
153 creatures vanquished.

Vanquished Creatures (others)
  5 foxfires (D:1)
  9 fungi (D:2)
  8 toadstools (D:2)
  A withered plant (D:4)
23 creatures vanquished.

Grand Total: 176 creatures vanquished

Notes
Turn   | Place    | Note
-------+----------+-------------------------------------------
     0 | D:1      | lunkers the Minotaur Cinder Acolyte began the quest for the
                  | Orb.
     0 | D:1      | Reached XP level 1. HP: 19/19 MP: 1/1
   792 | D:1      | Reached XP level 2. HP: 24/27 MP: 2/2
  1108 | D:2      | Reached skill level 4 in Unarmed Combat
  1344 | D:1      | Reached XP level 3. HP: 23/34 MP: 3/3
  1450 | D:1      | Reached skill level 5 in Unarmed Combat
  1450 | D:1      | Reached XP level 4. HP: 40/41 MP: 4/4
  1875 | D:2      | Noticed Robin
  1885 | D:2      | Killed Robin
  2582 | D:2      | Reached skill level 5 in Fighting
  2582 | D:2      | Reached XP level 5. HP: 48/48 MP: 5/5
  3374 | D:3      | Reached skill level 6 in Unarmed Combat
  3632 | D:4      | Reached XP level 6. HP: 49/56 MP: 6/6
  3900 | D:4      | Reached skill level 7 in Unarmed Combat
  4121 | D:4      | Reached XP level 7. HP: 58/63 MP: 7/7
  4613 | D:5      | Entered Level 5 of the Dungeon
  4667 | D:5      | Reached skill level 8 in Unarmed Combat
  4721 | D:5      | Found a shimmering blue altar of Sif Muna.
  4721 | D:5      | Found a radiant altar of Vehumet.
  4990 | D:5      | Found Notut's Antique Weapon Shop.
  5016 | D:5      | Reached skill level 9 in Unarmed Combat
  5016 | D:5      | Reached XP level 8. HP: 73/73 MP: 8/8
  5020 | D:5      | Found Voxo's Armour Shoppe.
  5583 | D:5      | Found Juutell's Magic Scroll Shoppe.
  5800 | D:6      | Reached skill level 10 in Unarmed Combat
  5843 | D:6      | Found an ornate altar of the Wu Jian Council.
  5866 | D:6      | Found an opulent altar of Gozag.
  5939 | D:6      | Found a glowing drain.
  5965 | Sewer    | Entered a sewer
  6086 | Sewer    | Noticed Purgy
  6096 | Sewer    | Killed Purgy
  6282 | D:6      | Found a hazy altar of Hepliaklqana.
  6400 | D:6      | Found a sparkling altar of Nemelex Xobeh.
  6481 | D:6      | Found a staircase to the Ecumenical Temple.
  6566 | D:7      | Found a blossoming altar of Fedhas.
  6648 | D:7      | Noticed a slime creature
  6648 | D:7      | Noticed a deep elf pyromancer
  6655 | D:7      | Noticed a cyan ugly thing
  6681 | D:7      | Slain by a cyan ugly thing

Illustrated notes

Levels and vault maps discovered:
D:1:      dpeg_arrival_simpleton_b, layout_loops_corners
D:2:      cheibrodos_fertilizer, layout_basic, uniq_robin
D:3:      layout_basic
D:4:      layout_cave_pools, serial_undead, serial_undead_b, serial_undead_b,
          serial_undead_c, serial_undead_e, serial_undead_e, serial_undead_a,
          serial_undead_b, serial_undead_a
D:5:      layout_loops_ring, amethyst_overflow_temple_binary, serial_shops,
          shop, shop, kennysheep_mini
D:6:      layout_cave_pools, lemuel_round_altar, mainiacjoe_overflow_paths,
          nicolae_gozag_seed_capital, mainiacjoe_overflow_alcove_4,
          minmay_temple_entry_poolview, portal_sewer_entry_b
D:7:      minmay_the_grid_octo_triangle [minmay_the_grid_octo_checkerflower,
          minmay_the_grid_octo_prize_ultimate_mussel_roller,
          minmay_the_grid_octo_tetromino_candy], layout_basic,
          yredelemnul_altar_generic, fedhas_altar_1, minitemple

Skill      XL: |  1  2  3  4  5  6  7  8 |
---------------+-------------------------+-----
Fighting       | 4 5 6 7 8 |  8.9
Unarmed Combat | 4 5 6 7 9 10 | 10.9
Spellcasting   | |  1.0
Fire Magic     | |  0.6

Action                   |  1- 3 |  4- 6 |  7- 9 || total
-------------------------+-------+-------+-------++-------
Melee: Unarmed           |    72 |   238 |   182 ||   492
       Headbutt          |     7 |    30 |    27 ||    64
       Punch             |       |     4 |     5 ||     9
 Cast: Foxfire           |     4 |       |       ||     4
  Use: Scroll            |       |       |     5 ||     5
Armor: Robe              |     6 |       |       ||     6
       Chain mail        |    38 |   153 |   105 ||   296
Dodge: Dodged            |    28 |    85 |    66 ||   179

Table legend: (Time is in decaauts)
 A = Elapsed time spent in this place.
 B = Non-inter-level travel time spent in this place.
 C = Inter-level travel time spent in this place.
 D = Time resting spent in this place.
 E = Time spent auto-exploring this place.
 F = Levels seen in this place.
 G = Mean time per level.
                   A        B        C        D        E       F      G
               +--------+--------+--------+--------+--------+-----+--------+
         Total |   6621 |   6326 |    295 |    375 |   4920 |   8 |  827.6 |
       Dungeon |   6422 |   6127 |    295 |    375 |   4759 |   7 |  917.4 |
         Sewer |    199 |    199 |      0 |      0 |    161 |   1 |  199.0 |
               +--------+--------+--------+--------+--------+-----+--------+

Top non-repeatable levels by time:
     D:2: 1535 daAuts
     D:1: 1130 daAuts
     D:4: 1040 daAuts
     D:5: 1035 daAuts
     D:3: 870 daAuts
     D:6: 681 daAuts
   Sewer: 199 daAuts
     D:7: 128 daAuts
